 Dungeon Crawl Stone Soup version 0.30-a0-253-g6b895097cc (webtiles) character file.

Game seed: 1927566773495429564

2817 BritishOli the Fighter (level 9, -3/82 HPs)
             Began as a Demonspawn Fighter on Oct 13, 2022.
             Was a Believer of Okawaru.
             Killed from afar by a deep elf pyromancer (8 damage)
             ... with a bolt of fire
             ... on level 7 of the Dungeon.
             The game lasted 00:06:21 (7222 turns).

BritishOli the Fighter (Demonspawn Fighter)         Turns: 7222, Time: 00:06:22

Health: -3/82      AC: 12    Str: 22    XL:     9   Next: 44%
Magic:  9/9        EV:  7    Int:  9    God:    Okawaru [**....]
Gold:   375        SH:  4    Dex: 12    Spells: 8/8 levels left

rFire   + . .      SeeInvis .    F - +2 broad axe (flame)
rCold   . . .      Faith    .    c - +0 buckler
rNeg    + . .      Spirit   .    y - +1 chain mail {rF+}
rPois   .          Reflect  .    (no helmet)
rElec   .          Harm     .    h - scarf {shadows}
rCorr   .          Rampage  .    (no gloves)
Will    .....                    (no boots)
Stlth   ..........               (no amulet)
HPRegen 0.33/turn                e - ring of flight
MPRegen 0.11/turn                g - ring of positive energy

@: flying
A: molten scales 1, foul stench 1, powered by death 1
a: Renounce Religion, Heroism


You were on level 7 of the Dungeon.
You worshipped Okawaru.
Okawaru was pleased with you.
You visited 1 branch of the dungeon, and saw 7 of its levels.
You also visited: Ossuary.

You collected 375 gold pieces.

Inventory:

Hand Weapons
 k - a +2 war axe of freezing
 F - a +2 broad axe of flaming (weapon)
Armour
 c - a +0 buckler (worn)
 h - a scarf of shadows (worn)
 y - a +1 chain mail of fire resistance (worn)
Jewellery
 e - a ring of flight (left hand)
 g - a ring of positive energy (right hand)
 n - an amulet of faith
 s - a ring of resist corrosion
 t - a ring of positive energy
Wands
 E - a wand of quicksilver (13)
 G - a wand of digging (3)
Scrolls
 a - 3 scrolls of teleportation {unknown}
 i - 2 scrolls of fear {unknown}
 j - a scroll of vulnerability {unknown}
 l - 11 scrolls of identify
 m - a scroll of enchant armour {unknown}
 r - a scroll of amnesia {unknown}
 u - a scroll of noise {unknown}
 v - a scroll of butterflies {unknown}
 x - 3 scrolls of blinking
 D - a scroll of acquirement {unknown}
Potions
 b - a potion of ambrosia {unknown}
 d - a potion of might
 f - 4 potions of curing
 o - 2 potions of attraction {unknown}
 p - 2 potions of degeneration {unknown}
 q - 2 potions of heal wounds {unknown}
 w - 2 potions of mutation {unknown}
 z - 2 potions of haste {unknown}
 A - a potion of flight {unknown}
 B - a potion of invisibility {unknown}
 C - a potion of berserk rage {unknown}


   Skills:
 + Level 12.1 Fighting
 - Level 2.1 Long Blades
 - Level 4.3 Axes
 - Level 3.0 Armour
 - Level 3.0 Shields


You had 8 spell levels left.
You didn't know any spells.
Your spell library contained the following spells:

 Spells                   Type           Power      Damage    Failure   Level
 Sublimation of Blood     Necr           0%         N/A       100%        2
 Wereblood                Tmut           0%         N/A       100%        2
 Inner Flame              Hex/Fire       0%         N/A       100%        3
 Cause Fear               Hex            0%         N/A       100%        4
 Discord                  Hex            0%         N/A       100%        8
 Summon Hydra             Summ           Unusable   N/A       N/A         7

Dungeon Overview and Level Annotations

Branches:
Dungeon (7/15)            Ossuary (visited)
 Temple: D:4-7

Altars:
Dithmenos
Okawaru
Qazlal
Sif Muna
Xom


Innate Abilities, Weirdness & Mutations

You are partially covered in molten scales. (AC +2)
You may rarely emit foul miasma when damaged in melee.
You regenerate a little health from kills.


Message History

Found four items.
The troll bites you! The troll barely misses you.
The troll claws you but does no damage.
A deep elf pyromancer comes into view. It is wielding a +2 dagger of venom.
There are monsters nearby!
You hit the troll. You burn the troll.
The troll is lightly wounded.
The troll bites you but does no damage. The troll completely misses you.
The troll claws you!
You emit a cloud of foul miasma!
The bullfrog hits you but does no damage.
The troll is engulfed in dark miasma.
The troll is poisoned.
The troll seems to slow down.
The troll misses you. The troll claws you but does no damage.
The troll claws you.
You closely miss the troll.
The troll is lightly wounded.
You slash the bullfrog! You burn the bullfrog.
The troll is no longer moving slowly.
The bullfrog hits you. x2
The troll is engulfed in dark miasma.
The troll looks even sicker.
The troll bites you! The troll claws you. x2
You are too injured to fight recklessly!
You are too injured to fight recklessly!
As you read the scroll labelled DOTITW INIXAWIPESK, it crumbles to dust.
It is a scroll of identify.
x - 4 scrolls of blinking You block the bullfrog's attack.
The deep elf pyromancer points at you and mumbles some strange words.
The bolt of fire hits you! You resist.
* * * LOW HITPOINT WARNING * * *
The troll is engulfed in dark miasma.
The troll looks even sicker.
The troll seems to slow down.
The troll bites you!
* * * LOW HITPOINT WARNING * * *
The troll claws you but does no damage. The troll claws you.
* * * LOW HITPOINT WARNING * * *
The bullfrog hits you but does no damage.
You hear a horrible gurgling sound!
Blink to where?
Press: ? - help, Dir - move target
As you read the scroll of blinking, it crumbles to dust.
The deep elf pyromancer points at you and mumbles some strange words.
The bolt of fire hits you! You resist.
You die...

#.##..#####.#.##.#......
#.#.......#.#.#..#....#.
#.#####..##.#.#.##....#.
#[......##..# #.##....#.
##.....##..## #....#....
##...##..## ###..#.#<. #
###.##..## #..#.### #.
.###.....### #....# ...
..####@....## ##.###
})=.##..##.......## #.#
}8|gc.#.#.........## #.#
##T............# #+#
#Fe............#
#..#............#
#..###...........# #..#
#...........# ###
##.........##


You could see a deep elf pyromancer.

Vanquished Creatures
  A deep elf pyromancer (D:7)
  Maggie (D:6)
  A vampire mosquito (D:7)
  2 steam dragons
  3 water moccasins
  A sky beast (D:6)
  2 ice beasts (D:6)
  An ogre (D:5)
  A black bear (D:4)
  A centaur (D:5)
  An elf zombie (Ossuary)
  2 necrophages (D:5)
  A bullfrog (D:6)
  3 scorpions (D:5)
  3 centaur zombies (Ossuary)
  2 human zombies (Ossuary)
  4 iguanas
  2 mummies (Ossuary)
  9 adders
  3 ufetubi
  4 worms
  4 dart slugs
  4 orcs
  7 endoplasms
  2 giant cockroaches
  7 goblins
  7 hobgoblins
  11 jackals
  5 kobolds
  4 quokkas
  5 ball pythons
  4 bats (D:1)
  2 frilled lizards
  A goblin zombie (Ossuary)
  8 hobgoblin zombies (Ossuary)
  A jackal zombie (Ossuary)
  11 kobold zombies (Ossuary)
  9 orc zombies (Ossuary)
  14 rats
  A rat zombie (Ossuary)
155 creatures vanquished.

Notes
Turn   | Place    | Note
-------+----------+-------------------------------------------
     0 | D:1      | BritishOli the Demonspawn Fighter began the quest for the
                  | Orb.
     0 | D:1      | Reached XP level 1. HP: 18/18 MP: 1/1
   275 | D:1      | Gained mutation: You may rarely emit foul miasma when
                  | damaged in melee. [demonic ancestry]
   275 | D:1      | Reached XP level 2. HP: 19/24 MP: 2/2
  1295 | D:2      | Reached XP level 3. HP: 25/29 MP: 3/3
  1395 | D:2      | Reached skill level 1 in Axes
  1597 | D:2      | Reached XP level 4. HP: 37/37 MP: 4/4
  2098 | D:3      | Found a shimmering altar of Xom.
  2460 | D:3      | Reached skill level 4 in Fighting
  3023 | D:4      | Noticed a water moccasin
  3029 | D:4      | Killed a water moccasin
  3030 | D:4      | Gained mutation: You are partially covered in molten
                  | scales. (AC +2) [demonic ancestry]
  3030 | D:4      | Reached XP level 5. HP: 28/43 MP: 5/5
  3149 | D:4      | Found a sand-covered staircase.
  3154 | Ossuary  | Entered an ossuary
  3301 | Ossuary  | Reached skill level 5 in Fighting
  3301 | Ossuary  | Reached XP level 6. HP: 48/51 MP: 6/6
  3797 | D:4      | Reached skill level 6 in Fighting
  3797 | D:4      | Reached XP level 7. HP: 58/58 MP: 7/7
  3883 | D:4      | Found a shimmering blue altar of Sif Muna.
  4282 | D:4      | Found a shadowy altar of Dithmenos.
  4329 | D:5      | Entered Level 5 of the Dungeon
  4427 | D:5      | HP: 2/59 [scorpion (3)]
  4629 | D:5      | Reached skill level 7 in Fighting
  4897 | D:5      | Reached skill level 8 in Fighting
  4897 | D:5      | Gained mutation: You regenerate a little health from kills.
                  | [demonic ancestry]
  4897 | D:5      | Reached XP level 8. HP: 68/68 MP: 8/8
  5526 | D:6      | Found a stormy altar of Qazlal.
  5606 | D:6      | Found an iron altar of Okawaru.
  5616 | D:6      | Became a worshipper of Warmaster Okawaru
  5622 | D:6      | Reached skill level 9 in Fighting
  5799 | D:6      | Reached skill level 10 in Fighting
  6055 | D:6      | Reached * piety under Okawaru
  6157 | D:6      | Noticed Maggie
  6173 | D:6      | HP: 3/73 [Maggie/+2 broad axe of flaming (1)]
  6174 | D:6      | Killed Maggie
  6175 | D:6      | Reached XP level 9. HP: 9/79 MP: 9/9
  6723 | D:7      | Reached skill level 11 in Fighting
  6915 | D:7      | Noticed a deep elf pyromancer
  7010 | D:7      | Killed a deep elf pyromancer
  7010 | D:7      | Reached ** piety under Okawaru
  7011 | D:7      | Reached skill level 12 in Fighting
  7215 | D:7      | Noticed a troll
  7217 | D:7      | Noticed a deep elf pyromancer
  7222 | D:7      | Killed from afar by a deep elf pyromancer

Illustrated notes

Levels and vault maps discovered:
D:1:      giann_bridges, layout_basic, serial_corexii_hall,
          corexii_hall_statues_deadend, corexii_hall_statues_deadend
D:2:      layout_basic
D:3:      layout_loops_corners, amcnicky_altar_gilded
D:4:      layout_cave_pods, mainiacjoe_overflow_alcove_1, kennysheep_mini,
          enter_ossuary_5
D:5:      layout_loops_cross
D:6:      layout_loops_corners, nicolae_qazlal_eye_of_the_storm,
          okawaru_trees_1, uniq_maggie
D:7:      minmay_the_grid_octo_triangle [minmay_the_grid_octo_empty,
          minmay_the_grid_octo_prize_star, minmay_the_grid_octo_77],
          layout_basic, good_gods_temple_1, nicolae_uskayaw_en_pointe,
          minmay_temple_entry_junction, serial_shops, shop_fountains,
          nicolae_figureground_pulse

Skill      XL: |  1  2  3  4  5  6  7  8  9 |
---------------+----------------------------+-----
Long Blades    | 2 |  2.1
Armour         | 3 |  3.0
Shields        | 3 |  3.0
Axes           | 1 2 3 4 |  4.3
Fighting       | 4 5 6 8 10 12 | 12.1

Action                   |  1- 3 |  4- 6 |  7- 9 || total
-------------------------+-------+-------+-------++-------
Melee: Long sword        |    77 |       |       ||    77
       War axe           |    32 |   174 |   123 ||   329
       Broad axe         |       |       |    32 ||    32
  Use: Potion            |       |       |     4 ||     4
       Scroll            |       |       |     2 ||     2
Armor: Scale mail        |    59 |    76 |       ||   135
       Chain mail        |       |     5 |   112 ||   117
Dodge: Dodged            |    30 |    76 |    63 ||   169
Block: Buckler           |    27 |    32 |    30 ||    89

Table legend: (Time is in decaauts)
 A = Elapsed time spent in this place.
 B = Non-inter-level travel time spent in this place.
 C = Inter-level travel time spent in this place.
 D = Time resting spent in this place.
 E = Time spent auto-exploring this place.
 F = Levels seen in this place.
 G = Mean time per level.
                   A        B        C        D        E       F      G
               +--------+--------+--------+--------+--------+-----+--------+
         Total |   7387 |   7053 |    334 |    773 |   5134 |   8 |  923.4 |
       Dungeon |   6835 |   6501 |    334 |    773 |   4863 |   7 |  976.4 |
       Ossuary |    551 |    551 |      0 |      0 |    271 |   1 |  551.0 |
               +--------+--------+--------+--------+--------+-----+--------+

Top non-repeatable levels by time:
     D:6: 1322 daAuts
     D:1: 1291 daAuts
     D:5: 1060 daAuts
     D:3: 997 daAuts
     D:4: 817 daAuts
     D:2: 789 daAuts
     D:7: 557 daAuts
 Ossuary: 551 daAuts
